AoeStats
← Luna-Noctis

Pilgrims

509351746Analyzed
4v4 RM · 6d ago on Sep 26, 2026· 25m 20s· 8 players
Game mode
Random Map
Map size
Large (8 player)
Population
200
Speed
Normal
Resources
Standard
Victory
Conquest
Starting age
Dark Age
Ending age
Imperial Age
RankedLock teamsTeams togetherTeam positionsShared explorationLock speedFull tech treeHidden civsTurbo modeCheats
Victory
Defeat
🇱🇮 Turks · Liechtenstein
1272
+11
🇭🇰 Spanish · Hong Kong SAR China
1192
+14
🇨🇭 Danes · Switzerland
1089
+18
🇨🇭 Portuguese · Switzerland
1073
+20
🇨🇳 Dravidians · China
1177
-17
🇨🇳 Franks · China
1172
-17
🇨🇳 Mongols · China
1138
-15
🇨🇳 Khmer · China
1097
-14
dragonhunter
4:01 Loom
14:20 Feudal Age
15:16 Double-Bit Axe
20:22 Castle Age
22:38 Bow Saw
22:13 Fishing Lines
22:43 Horse Collar
24:28 Heavy Plow
绫地宁宁
12:04 Feudal Age
14:54 Gold Mining
14:57 Fishing Lines
16:30 Fletching
20:23 Castle Age
21:22 Medium Warships
21:26 Double-Bit Axe
22:55 Wheelbarrow
汐之
14:17 Feudal Age
17:13 Castle Age
17:27 Double-Bit Axe
20:05 Gold Mining
22:51 Gold Shaft Mining
24:04 Husbandry
24:15 Bloodlines
flandle
11:03 Feudal Age
11:30 Double-Bit Axe
11:58 Loom
14:54 Forging
16:36 Fishing Lines
17:08 Scale Mail Armor
17:36 Scale Barding Armor
23:53 Castle Age
24:05 Pikeman
24:54 Husbandry
24:22 Light Cavalry
25:40 Iron Casting
25:25 Chain Barding Armor
NOX
11:28 Loom
13:18 Feudal Age
17:45 Castle Age
15:32 Double-Bit Axe
15:28 Horse Collar
18:29 Fletching
19:37 Bodkin Arrow
owelt
5:16 Loom
12:27 Feudal Age
13:42 Double-Bit Axe
15:40 Gold Mining
15:40 Stone Mining
16:06 Fishing Lines
20:07 Castle Age
17:59 Fletching
21:21 Medium Warships
22:15 Clinker Construction
22:20 Careening
23:39 Gillnets
25:21 Wheelbarrow
25:27 Ballistics
24:48 Treadmill Crane
25:18 Masonry
cutiewing
5:01 Loom
11:57 Feudal Age
15:43 Castle Age
21:39 Imperial Age
20:38 Medium Warships
23:58 Chemistry
23:19 Ballistics
Luna-Noctis
3:46 Loom
13:29 Feudal Age
19:14 Fletching
Connection lost

Rejoining the realm…

Still unreachable

The connection could not be restored.

Session expired

The server has moved on; the page needs a fresh start.